 Dungeon Crawl Stone Soup version 0.26.1-2-gb8aa6d0cf2 (webtiles) character file.

Game seed: 8829348369065068328

4566 nightchill the Firebug (level 10, -3/60 HPs)
             Began as a Gargoyle Fire Elementalist on Mar 1, 2021.
             Was a Priest of Okawaru.
             Slain by a troll (7 damage)
             ... on level 9 of the Dungeon.
             The game lasted 00:29:38 (12753 turns).

nightchill the Firebug (GrFE)                      Turns: 12753, Time: 00:29:38

Health: -3/60      AC: 15    Str: 12    XL:     10   Next: 40%
Magic:  4/15       EV: 12    Int: 19    God:    Okawaru [***...]
Gold:   566        SH:  0    Dex: 10    Spells: 4/16 levels left

rFire    + . .     SeeInvis .   v - +2 war axe
rCold    + . .     Faith    .   (no shield)
rNeg     + . .     Spirit   .   b - +1 robe {rC+ rF+}
rPois    ∞         Reflect  .   (no helmet)
rElec    +         Harm     .   (no cloak)
rCorr    .         Rampage  .   (no gloves)
Will     .....                  f - +0 pair of boots
Stlth    ++........             (no amulet)
HPRegen  0.20/turn              h - +4 ring of protection
MPRegen  0.14/turn              (no ring)

@: no status effects
A: negative energy resistance 1, electricity resistance, unbreathing,
petrification resistance, miasma immunity, AC +7
a: Renounce Religion, Heroism


You were on level 9 of the Dungeon.
You worshipped Okawaru.
Okawaru was most pleased with you.
You visited 2 branches of the dungeon, and saw 10 of its levels.

You collected 566 gold pieces.

Inventory:

Hand Weapons
 v - a +2 war axe (weapon)
 A - a +0 war axe
 C - a +2 flail of freezing
Missiles
 g - 287 stones
 r - 15 poisoned darts
 y - 7 javelins
Armour
 b - a +1 robe of resistance (worn)
 c - +0 acid dragon scales
 f - a +0 pair of boots (worn)
 t - a +2 robe of positive energy
 x - a +2 ring mail of cold resistance
 F - a +0 tower shield
 K - a cursed +0 buckler
Jewellery
 h - a +4 ring of protection (left hand)
 E - an uncursed amulet of regeneration {unknown}
Wands
 a - a wand of iceblast (5)
 z - a wand of disintegration (14)
 B - a wand of paralysis (8)
 H - a wand of flame (22)
 J - a wand of polymorph (9)
Scrolls
 d - a scroll of fear {unknown}
 e - 7 scrolls of teleportation
 i - 3 scrolls of remove curse {unknown}
 o - 2 scrolls of fog {unknown}
 s - 2 scrolls of amnesia {unknown}
 w - 2 scrolls of enchant armour {unknown}
 G - a scroll of identify
 I - a scroll of enchant weapon
Potions
 j - a potion of cancellation
 k - a potion of might
 l - 7 potions of curing
 m - a potion of lignification
 n - 3 potions of attraction
 p - 5 potions of resistance
 q - 2 potions of flight {unknown}
 u - a potion of brilliance {unknown}
 D - a potion of invisibility {unknown}


   Skills:
 + Level 6.1 Fighting
 * Level 7.0 Axes
 - Level 1.5 Dodging
 - Level 2.1 Stealth
 - Level 3.9 Spellcasting
 - Level 7.4 Conjurations
 - Level 7.5 Fire Magic
 + Level 1.5 Poison Magic
 + Level 4.5 Invocations


You had 4 spell levels left.
You knew the following spells:

 Your Spells              Type           Power        Failure   Level
a - Foxfire               Conj/Fire      100%         1%          1
b - Conjure Flame         Conj/Fire      32%          1%          3
c - Sticky Flame          Conj/Fire      32%          6%          4
d - Olgreb's Toxic Radia  Pois           9%           58%         4

Your spell library contained the following spells:

 Spells                   Type           Power        Failure   Level
 Magic Dart               Conj           100%         1%          1
 Searing Ray              Conj           64%          1%          2
 Dazzling Flash           Conj/Hex       34%          9%          3
 Inner Flame              Hex/Fire       18%          9%          3
 Sting                    Tmut/Pois      24%          10%         1
 Ignite Poison            Fire/Tmut/Pois 15%          12%         3
 Mephitic Cloud           Conj/Pois/Air  15%          12%         3
 Summon Small Mammal      Summ           12%          14%         1
 Poisonous Vapours        Pois/Air       12%          16%         2
 Call Imp                 Summ           3%           22%         2
 Fulminant Prism          Conj/Hex       8%           30%         4
 Iskenderun's Mystic Bla  Conj/Tloc      17%          30%         4
 Call Canine Familiar     Summ           3%           38%         3
 Summon Guardian Golem    Hex/Summ       3%           38%         3
 Summon Ice Beast         Ice/Summ       3%           80%         4
 Summon Lightning Spire   Summ/Air       3%           80%         4
 Fireball                 Conj/Fire      16%          19%         5


Dungeon Overview and Level Annotations

Branches:
Dungeon (9/15)             Temple (1/1) D:7             Orc (0/2) D:9
   Lair: D:8-11

Altars:
Fedhas
Gozag
Kikubaaqudgha
Makhleb
Nemelex Xobeh
Okawaru
Qazlal
Sif Muna
Trog
Xom
The Shining One

Shops:
D:6 }

Annotations:
D:2 exclusion: downstairs
D:3 exclusion: downstairs
D:4 exclusion: downstairs
D:6 2 transporters, exclusion: downstairs, Nebesus's ghost, novice DrCj
D:7 exclusion: downstairs
D:8 exclusion: 2 downstairs


Innate Abilities, Weirdness & Mutations

You are resistant to torment.
Your stone body is resilient. (AC +7)
You are immune to poison.
You resist negative energy. (rN+)
You are resistant to electric shocks. (rElec)
You can survive without breathing.
You are immune to petrification.
You are immune to miasma.


Message History

The troll burns!
The troll bites you but does no damage. The troll claws you.
The troll claws you but does no damage.
You hit the troll.
The troll is heavily wounded.
The troll burns!
The troll bites you but does no damage. The troll barely misses you.
The troll closely misses you.
You barely miss the troll.
The troll is severely wounded.
The troll burns!
The troll bites you! The troll claws you. The troll barely misses you.
You barely miss the troll.
The troll is severely wounded.
The troll burns! x2; The troll stops burning.
The troll bites you!
* * * LOW HITPOINT WARNING * * *
The troll barely misses you. The troll claws you.
* * * LOW HITPOINT WARNING * * *
The troll bites you but does no damage. The troll claws you!
* * * LOW HITPOINT WARNING * * *
The troll claws you!
You die...

##'######## # ###)# #
#.).# # ##'#########
#..........# ########
#..........# #.......
#..........# #......o
#..........##### #.......
#.......@T)'[..###.......
#.....)....###...#.......
#..........# ###.........
#.....^....# ###.....(<
#..........# #.......
#..........# ########
##'######### # #.....<.#
# #########'### #


You could see a troll.

Vanquished Creatures
  Maggie (D:8)
  Sigmund (D:5)
  2 steam dragons (D:9)
  A water moccasin (D:6)
  An ice beast (D:9)
  2 sky beasts
  A phantom (D:7)
  4 orc warriors
  2 black bears
  A necrophage (D:8)
  6 ogres
  3 centaurs
  3 big kobolds
  3 bullfrogs
  A gnoll sergeant (D:8)
  2 scorpions
  7 killer bees
  5 wights
  A bullfrog zombie (D:5)
  2 centaur zombies
  6 hounds
  2 bullfrog skeletons
  2 orc priests
  4 orc wizards
  Terence (D:2)
  6 worker ants
  A howler monkey zombie (D:8)
  A howler monkey skeleton (D:8)
  4 gnolls
  9 adders
  3 shadow imps
  3 oozes
  An adder zombie (D:8)
  A worm (D:4)
  5 dart slugs
  2 leopard geckos
  29 orcs
  11 bats
  4 giant cockroaches
  5 goblins
  8 hobgoblins
  6 jackals (D:1)
  A quokka (D:4)
  6 frilled lizards
  A jackal skeleton (D:8)
  18 kobolds
  A leopard gecko skeleton (D:7)
  11 rats
201 creatures vanquished.

Vanquished Creatures (others)
  366 foxfires
366 creatures vanquished.

Grand Total: 567 creatures vanquished

Notes
Turn   | Place    | Note
-------+----------+-------------------------------------------
     0 | D:1      | nightchill the Gargoyle Fire Elementalist began the quest
                  | for the Orb.
     0 | D:1      | Reached XP level 1. HP: 10/10 MP: 3/3
   112 | D:1      | Reached XP level 2. HP: 16/16 MP: 0/5
   805 | D:1      | Reached XP level 3. HP: 16/20 MP: 3/6
  1061 | D:1      | Reached skill level 1 in Fighting
  1603 | D:2      | Reached XP level 4. HP: 25/25 MP: 5/7
  1848 | D:2      | Found a sparkling altar of Nemelex Xobeh.
  1932 | D:2      | Noticed Terence
  1941 | D:2      | Killed Terence
  2029 | D:2      | Learned a level 3 spell: Conjure Flame
  2354 | D:2      | Reached XP level 5. HP: 30/30 MP: 2/8
  2726 | D:3      | Found a shimmering altar of Xom.
  3859 | D:4      | Noticed an ogre
  3953 | D:2      | Learned a level 4 spell: Sticky Flame
  4052 | D:4      | Reached skill level 1 in Axes
  4218 | D:4      | Reached XP level 6. HP: 33/35 MP: 5/10
  5118 | D:4      | Reached XP level 7. HP: 40/40 MP: 8/11
  5397 | D:5      | Entered Level 5 of the Dungeon
  5657 | D:5      | Found an opulent altar of Gozag.
  5658 | D:5      | Noticed Sigmund
  5669 | D:5      | Killed Sigmund
  5670 | D:5      | Reached skill level 5 in Fire Magic
  6196 | D:5      | Found a glowing golden altar of the Shining One.
  6448 | D:5      | Reached skill level 5 in Conjurations
  6448 | D:5      | Reached XP level 8. HP: 46/46 MP: 11/13
  6568 | D:6      | Noticed a wraith
  6587 | D:6      | Found Cazxep's Gadget Boutique.
  6800 | D:6      | Found a transporter.
  6800 | D:6      | Noticed Nebesus's ghost (novice DrCj)
  7078 | D:6      | Found a transporter.
  7381 | D:6      | Found a burning altar of Makhleb.
  8112 | D:7      | Found a staircase to the Ecumenical Temple.
  8125 | Temple   | Entered the Ecumenical Temple
  8167 | Temple   | Became a worshipper of Warmaster Okawaru
  8472 | D:7      | Found a sparkling altar of Nemelex Xobeh.
  9108 | D:6      | Reached skill level 1 in Invocations
  9188 | D:6      | Reached XP level 9. HP: 52/52 MP: 14/14
  9671 | D:8      | Noticed Maggie
  9682 | D:8      | Killed Maggie
  9682 | D:8      | Reached * piety under Okawaru
  9683 | D:8      | Reached skill level 5 in Axes
 10576 | D:8      | Found a blossoming altar of Fedhas.
 10685 | D:8      | Reached skill level 5 in Fighting
 10760 | D:9      | Reached ** piety under Okawaru
 11242 | D:9      | Reached XP level 10. HP: 59/59 MP: 10/15
 11542 | D:9      | Learned a level 4 spell: Olgreb's Toxic Radiance
 11700 | D:9      | Found a staircase to the Orcish Mines.
 12053 | D:8      | Reached skill level 1 in Poison Magic
 12692 | D:9      | Reached *** piety under Okawaru
 12753 | D:9      | Slain by a troll

Illustrated notes

Levels and vault maps discovered:
D:1:      evilmike_arrival_crescent, layout_basic
D:2:      layout_basic, nemelex_xobeh_ov_fountains_minmay, uniq_terence
D:3:      layout_basic, lemuel_doored_altar, chequers_arboretum,
          minmay_pentomino_pile
D:4:      layout_layer_cave, kennysheep_dice
D:5:      layout_basic, nicolae_gozag_seed_capital,
          nicolae_overflow_hidden_temple, uniq_sigmund
D:6:      layout_gridville, gammafunk_ghost_mausoleum, serial_shops,
          nicolae_shop_statue_plus, corexii_shack, makhleb_heckhound_becter
D:7:      layout_loops_ring, minmay_temple_entry_grid,
          nemelex_spade_bored_becter
D:8:      layout_cave_pools, fedhas_altar_fruit_tree, uniq_maggie
D:9:      layout_roguey, kennysheep_orc_monster_closet_entryway
Temple:   minmay_crystal_spiral_temple

Skill      XL: |  1  2  3  4  5  6  7  8  9 10 |
---------------+-------------------------------+-----
Conjurations   | 2 3 4 5 6 7 |  7.4
Fighting       | 1 2 3 4 5 6 |  6.1
Fire Magic     | 4 5 6 7 |  7.5
Axes           | 1 2 3 4 6 7 |  7.0
Spellcasting   | 3 |  3.9
Invocations    | 1 3 4 |  4.5
Poison Magic   | 1 |  1.5
Dodging        | |  1.5
Stealth        | |  2.1

Action                   |  1- 3 |  4- 6 |  7- 9 | 10-12 || total
-------------------------+-------+-------+-------+-------++-------
Melee: Unarmed           |    10 |       |       |       ||    10
       Club              |    46 |     1 |       |       ||    47
       Hand axe          |       |    62 |       |       ||    62
       War axe           |       |    18 |   300 |    39 ||   357
 Cast: Foxfire           |    42 |   105 |    60 |       ||   207
       Conjure Flame     |       |     7 |     4 |       ||    11
       Sticky Flame      |       |       |    24 |    21 ||    45
Evoke: Wand              |       |       |     3 |       ||     3
  Use: Scroll            |       |       |     9 |       ||     9
 Stab: Sleeping          |       |     3 |     3 |       ||     6
Armor: Robe              |    38 |    49 |   183 |    35 ||   305
Dodge: Dodged            |    63 |    88 |   249 |    44 ||   444
